 Dungeon Crawl Stone Soup version 0.31-a0-303-gdc8c9485ea (webtiles) character file.

Game seed: 10707266073904611273

604 LeprechaunX the Changeling (level 7, -3/48 HPs)
             Began as an Octopode Shapeshifter on July 16, 2023.
             Was an Initiate of Gozag.
             Slain by a sky beast (6 damage)
             ... on level 5 of the Dungeon.
             The game lasted 00:06:00 (3697 turns).

LeprechaunX the Changeling (Octopode Shapeshifter)  Turns: 3697, Time: 00:06:01

Health: -3/48      AC:  1    Str: 19    XL:     7   Next: 42%
Magic:  7/7        EV: 13    Int:  9    God:    Gozag
Gold:   286        SH:  0    Dex: 12    Spells: 6/6 levels left

rFire   + . .        l - +8 dagger of LeprechaunX's Woe {drain, rF+ rN+ Str+3 Int-2}
rCold   . . .        (no shield)
rNeg    + . .        (helmet currently unavailable)
rPois   .            (no amulet)
rElec   .            (no ring)
rCorr   .            (no ring)
SInv    .            (no ring)
Will    .....        (no ring)
Stlth   ++           (no ring)
HPRegen 0.28/turn    (no ring)
MPRegen 0.10/turn    (no ring)
                     (no ring)

%: no passive effects
@: beast-form
A: beast (slay +3), almost no armour, amphibious, 8 rings, camouflage 1,
gelatinous body 1, (nimble swimmer 1), tentacles
a: Begin Untransformation, Renounce Religion, Potion Petition, Call Merchant,
Bribe Branch


You were on level 5 of the Dungeon.
You worshipped Gozag.
Gozag was aware of your devotion.
You were a hulking beast.
You visited 1 branch of the dungeon, and saw 5 of its levels.

You collected 358 gold pieces.
You paid 72 gold pieces to Gozag.

Inventory:

Hand Weapons
 d - a +1 dagger of speed
 l - the +8 dagger of LeprechaunX's Woe (weapon) {drain, rF+ rN+ Str+3 Int-2}
   (You found it on level 2 of the Dungeon)

   Str:       It affects your strength (+3).
   Int:       It affects your intelligence (-2).
   rF:        It protects you from fire.
   rN:        It protects you from negative energy.
Missiles
 v - a throwing net (quivered)
Talismans
 b - a beast talisman
Scrolls
 c - a scroll of immolation {unknown}
 f - a scroll of amnesia {unknown}
 g - 6 scrolls of identify {unknown}
 h - a scroll of enchant armour {unknown}
 k - a scroll of blinking {unknown}
 n - 2 scrolls of enchant weapon {unknown}
 o - a scroll of brand weapon {unknown}
 q - 2 scrolls of teleportation {unknown}
 r - a scroll of revelation {unknown}
 t - a scroll of fear {unknown}
 u - a scroll of noise {unknown}
Potions
 a - a potion of lignification
 e - a potion of cancellation {unknown}
 i - a potion of heal wounds {unknown}
 j - 3 potions of curing {unknown}
 m - a potion of enlightenment {unknown}
 p - a potion of mutation {unknown}
 s - a potion of berserk rage {unknown}


   Skills:
 + Level 4.0 Fighting
 + Level 2.4 Short Blades
 - Level 2.0 Dodging
 + Level 4.0 Unarmed Combat
 * Level 5.2 Shapeshifting


You had 6 spell levels left.
You didn't know any spells.
Your spell library was empty.

Dungeon Overview and Level Annotations

Branches:
Dungeon (5/15)
 Temple: D:4-7

Altars:
Gozag


Innate Abilities, Weirdness & Mutations

You are a hulking beast.
Your limbs bulge with bestial killing power. (Slay +3)
You cannot wear most types of armour.
You are amphibious.
You can wear up to eight rings at the same time.
Your skin changes colour to match your surroundings (Stealth+).
Your rubbery body absorbs attacks. (AC +1, EV +1)
((You are camouflaged when in or above water. (Stealth+)))
You have tentacles for arms and can constrict up to eight enemies at once.


Message History

You now have 286 gold pieces (gained 11).
You see here a +0 giant spiked club.
v - 2 throwing nets A sky beast comes into view.
A sky beast is nearby!
A sky beast is nearby!
A hound comes into view.
The hound barks!
Found a short sword.
The hound bites you.
You barely miss the hound. Your grab misses the hound. The hound bites you.
The sky beast hits you. The sky beast shocks you.
The hound attacks as you move away! The hound bites you.
The sky beast attacks as you move away! The sky beast hits you.
The sky beast shocks you. The hound closely misses you.
Throw: 2 throwing nets
Press: ? - help, Q - select action, (/) - cycle Shift-Dir - straight line, f - hound
Aim: a hound (50% to hit)
You throw a throwing net.
The throwing net barely misses the hound.
The hound bites you.
You hit the hound. You grab the hound.
The hound is lightly wounded.
You constrict the hound. The hound completely misses you.
The sky beast flickers out of sight!
Deactivating autopickup; reactivate with Ctrl-A.
The hound closely misses you.
You puncture the hound!
The hound is severely wounded.
You constrict the hound. Something hits you. Something shocks you.
* * * LOW HITPOINT WARNING * * *
The hound bites you.
* * * LOW HITPOINT WARNING * * *
You barely miss something. You constrict the hound. The hound bites you.
* * * LOW HITPOINT WARNING * * *
Something hits you.
* * * LOW HITPOINT WARNING * * *
Something shocks you.
You die...
Your body crumbles into a pile of gold.

#...# .....#
##...# ..?..#
#..).##.....#
#........$..#
+...........#
#>.......:..#
#........?...
#.
###..####...#
#...###h.####..
#
#.....h{.<.....
#............).
#....##....##..
#..(. #....# +
###+ #....!.
#.......
........
.......


You could see a hound.

Vanquished Creatures
  An ogre (D:5)
  An ice beast (D:5)
  A scorpion (D:4)
  A howler monkey (D:4)
  A hound (D:4)
  An orc priest (D:4)
  A sleepcap (D:4)
  An orc wizard (D:4)
  8 gnolls
  5 adders
  2 worms
  3 dart slugs
  4 orcs (D:4)
  4 bats
  5 endoplasms
  2 giant cockroaches
  10 goblins
  6 hobgoblins
  10 jackals
  A quokka (D:1)
  9 ball pythons
  4 frilled lizards
  7 kobolds
  3 rats
91 creatures vanquished.

Notes
Turn   | Place    | Note
-------+----------+-------------------------------------------
     0 | D:1      | LeprechaunX the Octopode Shapeshifter began the quest for
                  | the Orb.
     0 | D:1      | Reached XP level 1. HP: 14/14 MP: 1/1
   186 | D:1      | Reached XP level 2. HP: 19/19 MP: 2/2
   286 | D:1      | Reached XP level 3. HP: 14/25 MP: 3/3
  1078 | D:2      | Reached XP level 4. HP: 30/30 MP: 4/4
  1509 | D:2      | Reached skill level 4 in Shapeshifting
  1686 | D:2      | Identified the +8 dagger of LeprechaunX's Woe {drain, rF+
                  | rN+ Str+3 Int-2}
  2021 | D:3      | Reached XP level 5. HP: 36/36 MP: 5/5
  2445 | D:4      | Reached skill level 1 in Short Blades
  2445 | D:4      | Reached XP level 6. HP: 29/42 MP: 6/6
  3401 | D:4      | Found an opulent altar of Gozag.
  3439 | D:4      | Became a worshipper of Gozag Ym Sagoz the Greedy
  3475 | D:5      | Entered Level 5 of the Dungeon
  3519 | D:5      | Noticed an ice beast
  3524 | D:5      | Killed an ice beast
  3525 | D:5      | Reached skill level 5 in Shapeshifting
  3525 | D:5      | Reached XP level 7. HP: 16/47 MP: 7/7
  3697 | D:5      | Slain by a sky beast

Illustrated notes

Levels and vault maps discovered:
D:1:      wheals_arrival_linesprint, layout_basic, serial_park_tiny_pond,
          chequers_arboretum
D:2:      layout_loops_ring, nicolae_eternal_life
D:3:      layout_rooms
D:4:      layout_basic, nicolae_gozag_seed_capital
D:5:      layout_gridville

Skill      XL: |  1  2  3  4  5  6  7 |
---------------+----------------------+-----
Shapeshifting  | 4 5 |  5.2
Fighting       | 3 4 |  4.0
Unarmed Combat | 3 4 |  4.0
Short Blades   | 1 2 |  2.4
Dodging        | |  2.0

Action                     |  1- 3 |  4- 6 |  7- 9 || total
---------------------------+-------+-------+-------++-------
  Melee: Unarmed           |    31 |       |       ||    31
         Constrict         |    20 |    24 |     1 ||    45
         Tentacles         |     9 |    20 |       ||    29
         Dagger            |    39 |    81 |     9 ||   129
         Punch             |     1 |     1 |     1 ||     3
  Throw: Throwing net      |       |       |     3 ||     3
   Stab: Sleeping          |     1 |     7 |       ||     8
         Distracted        |       |     1 |       ||     1
 Armour: Skin              |     2 |     3 |       ||     5
  Dodge: Dodged            |    41 |    27 |     5 ||    73

Table legend: (Time is in decaauts)
 A = Elapsed time spent in this place.
 B = Non-inter-level travel time spent in this place.
 C = Inter-level travel time spent in this place.
 D = Time resting spent in this place.
 E = Time spent auto-exploring this place.
 F = Levels seen in this place.
 G = Mean time per level.
                   A        B        C        D        E       F      G
               +--------+--------+--------+--------+--------+-----+--------+
         Total |   3670 |   3459 |    211 |    204 |   2734 |   5 |  734.0 |
       Dungeon |   3670 |   3459 |    211 |    204 |   2734 |   5 |  734.0 |
               +--------+--------+--------+--------+--------+-----+--------+

Top non-repeatable levels by time:
     D:4: 1134 daAuts
     D:1: 1011 daAuts
     D:2: 803 daAuts
     D:3: 500 daAuts
     D:5: 220 daAuts
